[Event "Schachfestival IM 2018"]
[Site "Lueneburg"]
[Date "2018.07.05"]
[Round "1"]
[White "Lubbe, Melanie"]
[Black "Fuchs, Judith"]
[Result "1/2-1/2"]
[ECO "B90"]
[WhiteElo "2332"]
[BlackElo "2289"]
[Annotator "NA"]
[PlyCount "117"]
[EventDate "2018.07.05"]
[EventType "tourn"]
[EventCountry "GER"]
[SourceTitle "playchess.com"]
[Source "ChessBase"]
[SourceQuality "1"]
[TimeControl "40/5400+30:1800+30"]

1. e4 c5 2. Nf3 d6 3. d4 cxd4 4. Nxd4 Nf6 5. Nc3 a6 6. Be3 e6 7. Be2 Nbd7 8. f4 b5 9. Bf3 {[%emt 0:05:35] B84: Sicilian Scheveningen: 6 Be2 a6, lines without early Be3} Bb7 10. e5 Bxf3 11. Nxf3 Ng4 12. Bd4 dxe5 13. fxe5 Qc7 14. Qe2 Bc5 {[%emt 0:18:09] [#]} 15. O-O-O $146 ({Predecessor:} 15. Bxc5 Qxc5 16. O-O-O Qe3+ {½-½ (39) Karjakin,S (2756)-Grischuk,A (2783) Beijing 2013}) 15... Bxd4 16. Rxd4 Ngxe5 17. Rhd1 O-O 18. Kb1 Rfe8 19. a3 Re7 20. Qe4 Rae8 21. Nxe5 $1 ({Much weaker is} 21. Ng5 f5 $17) 21... Nxe5 22. Rd6 Nd7 23. Qd4 Nc5 (23... Nf6 $1 $15 {behält die Oberhand.}) 24. h4 (24. b4 $14 Na4 25. Nxa4 bxa4 26. Qb6) 24... e5 25. Qd5 Re6 26. Rd8 Kf8 27. Rxe8+ Rxe8 28. Rf1 Kg8 29. Rf5 h6 30. g4 Qe7 31. Qc6 Rd8 32. h5 f6 33. Rf1 Qd6 34. Qf3 Qe6 35. Qe3 Qc4 36. Re1 Qd4 37. Qe2 (37. Qf3 $142 Na4 38. Nxa4 Qxa4 39. b4) 37... Na4 38. Nxa4 Qxa4 39. Rd1 Qa5 40. Rd3 Qc7 41. b3 (41. Rxd8+ $11 {remains equal.} Qxd8 42. Qe4) 41... Rxd3 42. Qxd3 Qc6 $15 43. Qf5 Kf8 44. Kb2 e4 45. Qf2 Qe6 46. Qe2 Qe5+ 47. c3 e3 48. Kc2 Qe4+ 49. Kc1 Kf7 50. c4 Qd4 51. Kc2 Ke6 52. Qd3 Qxg4 53. Qxe3+ Kf7 54. Qa7+ Kg8 55. Qxa6 Qe2+ 56. Kc3 Qe1+ 57. Kc2 Qe2+ 58. Kc3 Qe1+ 59. Kc2 1/2-1/2

[Event "Schachfestival IM 2018"]
[Site "Lueneburg"]
[Date "2018.07.05"]
[Round "1"]
[White "Wenzel, Birger"]
[Black "Polster, Christian"]
[Result "1-0"]
[ECO "B51"]
[WhiteElo "2084"]
[BlackElo "2286"]
[Annotator "ChessBase"]
[PlyCount "81"]
[EventDate "2018.07.05"]
[EventType "tourn"]
[EventCountry "GER"]
[SourceTitle "playchess.com"]
[Source "ChessBase"]
[SourceQuality "1"]
[TimeControl "40/5400+30:1800+30"]

1. e4 c5 2. Nf3 d6 3. Bb5+ Nd7 4. O-O a6 5. Bxd7+ Bxd7 6. d4 cxd4 7. Qxd4 Nf6 8. Bg5 e6 9. Nc3 Bc6 10. Rad1 Be7 11. e5 Bxf3 12. exf6 gxf6 13. gxf3 Rg8 14. f4 h6 15. Rfe1 f5 16. h4 Qc7 17. Rd3 Rc8 18. Nd5 Qd8 19. Nxe7 Qxe7 20. c3 Rc6 21. a4 hxg5 22. hxg5 Qc7 23. Qf6 Qe7 24. Qd4 Kd7 25. Kf1 Rgc8 26. b3 Rf8 27. Rh3 Rg8 28. Rh7 Kc8 29. Re3 Kb8 30. c4 a5 31. Rg3 Rg6 32. Rgh3 Rc5 33. Rh8+ Kc7 34. Ra8 e5 35. Qe3 Re6 36. Rhh8 exf4 37. Qd2 f3 38. Rhc8+ Kb6 39. Rxc5 Kxc5 40. Qxa5+ Kc6 41. Rc8+ {Kd5} 1-0

[Event "Schachfestival IM 2018"]
[Site "Lueneburg"]
[Date "2018.07.05"]
[Round "1"]
[White "Pubantz, Jan"]
[Black "Simantsev, Mikhail"]
[Result "0-1"]
[ECO "E10"]
[WhiteElo "1997"]
[BlackElo "2434"]
[Annotator "ChessBase"]
[PlyCount "82"]
[EventDate "2018.07.05"]
[EventType "tourn"]
[EventCountry "GER"]
[SourceTitle "playchess.com"]
[Source "ChessBase"]
[SourceQuality "1"]
[TimeControl "40/5400+30:1800+30"]

1. d4 Nf6 2. c4 e6 3. Nf3 c5 4. Nc3 cxd4 5. Nxd4 a6 6. g3 Qc7 7. Qd3 Nc6 8. Nxc6 Qxc6 9. e4 b6 10. Bg2 Bb7 11. O-O Rc8 12. b3 b5 13. Rb1 b4 14. Ne2 Bc5 15. Be3 d6 16. Nd4 Qb6 17. Rfd1 Ng4 18. h3 Nxe3 19. fxe3 O-O 20. Kh2 g6 21. Rf1 Kg7 22. Rf2 e5 23. Nc2 Bc6 24. Rbf1 f6 25. h4 Qb7 26. Ne1 h5 27. Re2 Rc7 28. Qc2 a5 29. Bf3 Rcf7 30. Bg2 f5 31. exf5 Rxf5 32. Rxf5 Rxf5 33. Bxc6 Qxc6 34. Qd2 Qe4 35. Ng2 Rf3 36. Qe1 Qf5 37. e4 Qg4 38. Ne3 Qxe4 39. Ng2 Qf5 40. Ne3 Bxe3 41. Rxe3 Rf1 0-1

[Event "Schachfestival IM 2018"]
[Site "Lueneburg"]
[Date "2018.07.05"]
[Round "2"]
[White "Simantsev, Mikhail"]
[Black "Lubbe, Melanie"]
[Result "1/2-1/2"]
[ECO "E90"]
[WhiteElo "2434"]
[BlackElo "2332"]
[Annotator "ChessBase"]
[PlyCount "105"]
[EventDate "2018.07.05"]
[EventType "tourn"]
[EventCountry "GER"]
[SourceTitle "playchess.com"]
[Source "ChessBase"]
[SourceQuality "1"]
[TimeControl "40/5400+30:1800+30"]

1. d4 Nf6 2. c4 g6 3. Nc3 Bg7 4. e4 d6 5. Nf3 O-O 6. h3 e5 7. d5 Na6 8. Be3 Kh8 9. g4 Ng8 10. Rg1 f5 11. gxf5 gxf5 12. exf5 Bxf5 13. Qd2 Nb4 14. O-O-O a5 15. a3 Nc2 16. Bd3 Bxd3 17. Qxd3 Nxe3 18. Qxe3 Qf6 19. Ng5 Qxf2 20. Qd3 Qf5 21. Ne6 Bh6+ 22. Kb1 Qxd3+ 23. Rxd3 Rf7 24. c5 dxc5 25. Nxc5 b6 26. Ne6 Bf4 27. Rf1 Nh6 28. Ne4 Re8 29. Rc3 Nf5 30. Nxf4 exf4 31. Rxf4 Ref8 32. Ng5 Rd7 33. Ne6 Rff7 34. Rxc7 Rxc7 35. Nxc7 Kg7 36. Nb5 Ne3 37. Rd4 Kf6 38. Nc3 Nf5 39. Re4 Re7 40. Rxe7 Kxe7 41. Kc2 Kd6 42. Kd3 Ke5 43. Na4 b5 44. Nc3 Nd6 45. b3 h6 46. a4 b4 47. Nd1 Kxd5 48. Ne3+ Kc5 49. Ng4 Nf5 50. Nf6 Nd4 51. Nd7+ Kd5 52. Nb6+ Kc5 53. Nd7+ 1/2-1/2

[Event "Schachfestival IM 2018"]
[Site "Lueneburg"]
[Date "2018.07.05"]
[Round "2"]
[White "Sriram, Jha"]
[Black "Pubantz, Jan"]
[Result "1-0"]
[ECO "B23"]
[WhiteElo "2409"]
[BlackElo "1997"]
[Annotator "ChessBase"]
[PlyCount "95"]
[EventDate "2018.07.05"]
[EventType "tourn"]
[EventCountry "GER"]
[SourceTitle "playchess.com"]
[Source "ChessBase"]
[SourceQuality "1"]
[TimeControl "40/5400+30:1800+30"]

1. e4 c5 2. Nc3 d6 3. f4 g6 4. Nf3 Bg7 5. Bc4 Nf6 6. O-O O-O 7. d3 Nc6 8. Qe1 e6 9. Bb3 Nd4 10. Nxd4 cxd4 11. Ne2 Ng4 12. Qg3 Ne3 13. Bxe3 dxe3 14. d4 Qb6 15. Rad1 a5 16. Qxe3 a4 17. Bc4 e5 18. f5 exd4 19. Nxd4 Qc5 20. b3 axb3 21. axb3 Ra1 22. fxg6 hxg6 23. c3 Rxd1 24. Rxd1 b5 25. Bd5 Bg4 26. b4 Qb6 27. Rf1 Be6 28. Bxe6 fxe6 29. Rxf8+ Bxf8 30. e5 d5 31. Qg5 Bxb4 32. Qxg6+ Kf8 33. Kf1 Bxc3 34. Nxe6+ Ke7 35. Qg7+ Ke8 36. Qf8+ Kd7 37. Nc5+ Kc7 38. Qe7+ Kc8 39. e6 Bb4 40. Qd7+ Kb8 41. Qe8+ Kc7 42. Qf7+ Kd6 43. Qf8+ Kc7 44. Qf4+ Qd6 45. Qxb4 Kc6 46. h3 Qf8+ 47. Kg1 Qf6 48. Nb3 1-0

[Event "Schachfestival IM 2018"]
[Site "Lueneburg"]
[Date "2018.07.05"]
[Round "2"]
[White "Fuchs, Judith"]
[Black "Wenzel, Birger"]
[Result "1/2-1/2"]
[ECO "A01"]
[WhiteElo "2289"]
[BlackElo "2084"]
[Annotator "NA"]
[PlyCount "78"]
[EventDate "2018.07.05"]
[EventType "tourn"]
[EventCountry "GER"]
[SourceTitle "playchess.com"]
[Source "ChessBase"]
[SourceQuality "1"]
[TimeControl "40/5400+30:1800+30"]

1. b3 Nf6 2. Bb2 c5 3. e3 b6 4. Nf3 e6 5. Be2 Bb7 6. O-O Be7 7. d3 O-O 8. Nbd2 d6 9. h3 Nbd7 10. Nh2 Nd5 11. Bf3 Qc7 12. c4 N5f6 13. Bxb7 Qxb7 14. f4 Ne8 15. d4 d5 16. cxd5 Qxd5 17. Nhf3 Nd6 18. Qe1 cxd4 19. e4 Qb7 20. Bxd4 Nb5 21. Bb2 Ba3 22. Bxa3 Nxa3 23. Rc1 Rac8 24. Nd4 b5 25. N2f3 b4 26. Qe2 Rxc1 27. Rxc1 Rc8 28. Re1 Qc7 29. e5 g6 30. Kh1 Nb6 31. f5 gxf5 32. Ng5 h6 33. Qh5 hxg5 34. Qxg5+ Kf8 35. Qf6 Kg8 36. Qg5+ Kf8 37. Qf6 Kg8 38. Qg5+ Kf8 39. Qf6 Kg8 1/2-1/2

[Event "Schachfestival IM 2018"]
[Site "Lueneburg"]
[Date "2018.07.07"]
[Round "3"]
[White "Lubbe, Melanie"]
[Black "Sriram, Jha"]
[Result "0-1"]
[ECO "B70"]
[WhiteElo "2332"]
[BlackElo "2409"]
[Annotator "ChessBase"]
[PlyCount "92"]
[EventDate "2018.07.05"]
[EventType "tourn"]
[EventCountry "GER"]
[SourceTitle "playchess.com"]
[Source "ChessBase"]
[SourceQuality "1"]
[TimeControl "40/5400+30:1800+30"]

1. e4 c5 2. Nf3 d6 3. d4 cxd4 4. Nxd4 Nf6 5. Nc3 g6 6. Be2 Bg7 7. O-O Nc6 8. Nb3 O-O 9. Bg5 Be6 10. Kh1 Rc8 11. f4 a6 12. f5 Bd7 13. Qe1 Ne5 14. Qh4 b5 15. a3 Rxc3 16. bxc3 Qc8 17. fxg6 Nxg6 18. Qg3 Nxe4 19. Qe3 Nxg5 20. Qxg5 Qxc3 21. Bd3 Qe5 22. Qd2 Qh5 23. Rae1 Be5 24. h3 Be6 25. Be4 Qh4 26. Qe3 Rc8 27. Rd1 Rc4 28. Bd3 Rc3 29. Nd2 Bd5 30. Nb1 Bd4 31. Nxc3 Bxe3 32. Nxd5 Bg5 33. Bxg6 hxg6 34. Rd3 Qc4 35. Nc3 Kg7 36. Rdf3 Bf6 37. Nd1 Qxc2 38. Ne3 Qa2 39. g4 Bd4 40. Ng2 Qd5 41. h4 e5 42. h5 e4 43. Rf4 e3 44. g5 gxh5 45. Rf5 e2 46. R1f3 Be5 0-1

[Event "Schachfestival IM 2018"]
[Site "Lueneburg"]
[Date "2018.07.07"]
[Round "3"]
[White "Polster, Christian"]
[Black "Fuchs, Judith"]
[Result "1-0"]
[ECO "B24"]
[WhiteElo "2286"]
[BlackElo "2289"]
[Annotator "NA"]
[PlyCount "93"]
[EventDate "2018.07.05"]
[EventType "tourn"]
[EventCountry "GER"]
[SourceTitle "playchess.com"]
[Source "ChessBase"]
[SourceQuality "1"]
[TimeControl "40/5400+30:1800+30"]

1. e4 c5 2. Nc3 Nc6 3. Nf3 b6 4. d4 cxd4 5. Nxd4 Bb7 6. Be3 Nf6 7. f3 e6 8. Qd2 Bb4 9. a3 Bxc3 10. Qxc3 O-O 11. Nxc6 Bxc6 12. Ba6 Ne8 13. a4 Nc7 14. Bd3 f5 15. exf5 Nd5 16. Qd2 Nxe3 17. Qxe3 exf5 18. O-O Qf6 19. c3 Rfe8 20. Qf4 Re5 21. Rfe1 Rae8 22. Rxe5 Rxe5 23. Bc4+ Kh8 24. Qd4 Qe7 25. Kf2 h6 26. b4 Kh7 27. b5 Bb7 28. a5 d6 29. axb6 axb6 30. Ra7 Rc5 31. g3 Rc7 32. Bd3 Qg5 33. Qe3 Qh5 34. Kg1 Qf7 35. Qxb6 Re7 36. Qf2 Qd5 37. Bf1 Kh8 38. c4 Qd1 39. Ra3 f4 40. Rd3 fxg3 41. Rxd1 gxf2+ 42. Kxf2 Rf7 43. Be2 g5 44. Rxd6 g4 45. c5 Be4 46. c6 gxf3 47. Bd3 1-0

[Event "Schachfestival IM 2018"]
[Site "Lueneburg"]
[Date "2018.07.08"]
[Round "4"]
[White "Mirzoev, Azer"]
[Black "Pubantz, Jan"]
[Result "1-0"]
[ECO "D37"]
[WhiteElo "2506"]
[BlackElo "1997"]
[Annotator "RC"]
[PlyCount "95"]
[EventDate "2018.07.05"]
[EventType "tourn"]
[EventCountry "GER"]
[SourceTitle "playchess.com"]
[Source "ChessBase"]
[SourceQuality "1"]
[TimeControl "40/5400+30:1800+30"]

1. d4 Nf6 2. Nf3 d5 3. c4 e6 4. Nc3 dxc4 5. e3 a6 6. a4 c5 7. Bxc4 Nc6 8. O-O Bd6 9. h3 O-O 10. Qe2 b6 11. Rd1 Qc7 12. d5 exd5 13. Nxd5 Nxd5 14. Bxd5 Bb7 15. e4 Rae8 16. Be3 Bf4 17. Bxf4 Qxf4 18. Ra3 Re7 19. Re3 Rfe8 20. b3 Qc7 21. e5 Nd8 22. Bxb7 Qxb7 23. Nh4 g6 24. Qg4 Qc7 25. f4 Nc6 26. Nf5 Re6 27. Kh2 Rd8 28. Nd6 Qe7 29. Rg3 Nd4 30. b4 Kf8 31. Rgd3 Rxe5 32. Nxf7 Kxf7 33. fxe5 Qxe5+ 34. Kh1 Kg7 35. bxc5 bxc5 36. Qg3 Qxg3 37. Rxg3 Kf6 38. Rb1 Rd6 39. Rb7 h5 40. a5 Ne2 41. Rf3+ Kg5 42. Re7 Rd2 43. Re5+ Kh6 44. Rxc5 h4 45. Kh2 Rd1 46. Rc4 Kh5 47. Rf8 g5 48. Rc6 1-0

[Event "Schachfestival IM 2018"]
[Site "Lueneburg"]
[Date "2018.07.08"]
[Round "4"]
[White "Simantsev, Mikhail"]
[Black "Polster, Christian"]
[Result "1-0"]
[ECO "A61"]
[WhiteElo "2434"]
[BlackElo "2286"]
[Annotator "ChessBase"]
[PlyCount "82"]
[EventDate "2018.07.05"]
[EventType "tourn"]
[EventCountry "GER"]
[SourceTitle "playchess.com"]
[Source "ChessBase"]
[SourceQuality "1"]
[TimeControl "40/5400+30:1800+30"]

1. d4 Nf6 2. c4 e6 3. Nf3 c5 4. d5 d6 5. Nc3 exd5 6. cxd5 g6 7. Bf4 a6 8. a4 Bg7 9. h3 O-O 10. e3 Re8 11. Nd2 Nbd7 12. Be2 Ne5 13. O-O Nfd7 14. Re1 f5 15. Qb3 b6 16. Bg3 Bb7 17. Rad1 Rb8 18. e4 Rf8 19. exf5 gxf5 20. f4 Nf7 21. Bd3 Nh6 22. Qc2 Nf6 23. Bh4 Bc8 24. Nf3 Qc7 25. Ng5 c4 26. Bf1 b5 27. axb5 axb5 28. Ne6 Bxe6 29. dxe6 Kh8 30. Kh2 Nhg8 31. Qxf5 Ne7 32. Qc2 b4 33. Bxf6 Bxf6 34. Nd5 Nxd5 35. Rxd5 Rbc8 36. Qe4 Rg8 37. Rf5 Qe7 38. Bxc4 Rcf8 39. b3 Bc3 40. Rf7 Qh4 41. Re3 Bg7 1-0

[Event "Schachfestival IM 2018"]
[Site "Lueneburg"]
[Date "2018.07.08"]
[Round "4"]
[White "Sriram, Jha"]
[Black "Wenzel, Birger"]
[Result "1-0"]
[ECO "A41"]
[WhiteElo "2409"]
[BlackElo "2084"]
[Annotator "ChessBase"]
[PlyCount "53"]
[EventDate "2018.07.05"]
[EventType "tourn"]
[EventCountry "GER"]
[SourceTitle "playchess.com"]
[Source "ChessBase"]
[SourceQuality "1"]
[TimeControl "40/5400+30:1800+30"]

1. d4 d6 2. e4 Nf6 3. f3 d5 4. e5 Nfd7 5. f4 c5 6. Nf3 Nc6 7. c3 cxd4 8. cxd4 Nb6 9. Be2 Bg4 10. O-O e6 11. b3 Rc8 12. Bb2 Be7 13. h3 Bxf3 14. Rxf3 g6 15. Nd2 h5 16. Rc1 h4 17. Rfc3 Na8 18. Nf3 Qb6 19. a3 Nc7 20. b4 a6 21. Kh1 Kd7 22. Qd3 Na7 23. R3c2 Na8 24. Rc5 Qd8 25. Rxc8 Nxc8 26. Qb5+ axb5 27. Bxb5# 1-0

[Event "Schachfestival IM 2018"]
[Site "Lueneburg"]
[Date "2018.07.08"]
[Round "4"]
[White "Kuberczyk, Christoph"]
[Black "Fuchs, Judith"]
[Result "1/2-1/2"]
[ECO "E11"]
[WhiteElo "2225"]
[BlackElo "2289"]
[Annotator "NA"]
[PlyCount "73"]
[EventDate "2018.07.05"]
[EventType "tourn"]
[EventCountry "GER"]
[SourceTitle "playchess.com"]
[Source "ChessBase"]
[SourceQuality "1"]
[TimeControl "40/5400+30:1800+30"]

1. d4 Nf6 2. c4 e6 3. Nf3 Bb4+ 4. Bd2 c5 5. Bxb4 cxb4 6. g3 b6 7. Bg2 Bb7 8. O-O O-O 9. a3 Qe7 10. Qb3 {[%emt 0:26:54] E16: Queen's Indian: 4 g3 Bb7 5 Bg2 Bb4+} Nc6 11. Nbd2 bxa3 12. Qxa3 Qxa3 $146 ({Predecessor:} 12... Nb4 13. Rac1 Ne4 14. Nxe4 Bxe4 15. Ne5 Bxg2 16. Kxg2 a5 17. Nd3 Rfc8 {½-½ (66) Shen,Y (2443)-Hou,Y (2602) Ningbo 2011}) 13. Rxa3 Nb4 14. Rc1 d6 15. Rb3 a5 16. Ne1 Rab8 17. Nd3 Nxd3 18. Rxd3 Rfc8 19. Bxb7 Rxb7 20. b4 a4 21. b5 Kf8 22. Ra3 Ra7 23. Rca1 Rca8 24. Nb1 d5 25. c5 bxc5 26. dxc5 Ne4 27. c6 Rb8 28. Nc3 Nxc3 29. Rxc3 Rc7 30. Rb1 Rb6 31. Rb4 Ke7 32. Kf1 f5 33. Ke1 a3 34. Rxa3 Rcxc6 35. Ra7+ Kf6 36. bxc6 Rxb4 37. f4 $11 1/2-1/2

[Event "Schachfestival IM 2018"]
[Site "Lueneburg"]
[Date "2018.07.08"]
[Round "4"]
[White "Light, Bjarne"]
[Black "Lubbe, Melanie"]
[Result "1/2-1/2"]
[ECO "A48"]
[WhiteElo "2177"]
[BlackElo "2332"]
[Annotator "NA"]
[PlyCount "216"]
[EventDate "2018.07.05"]
[EventType "tourn"]
[EventCountry "GER"]
[SourceTitle "playchess.com"]
[Source "ChessBase"]
[SourceQuality "1"]
[TimeControl "40/5400+30:1800+30"]

1. d4 Nf6 2. Nf3 g6 3. Bg5 Bg7 4. Nbd2 d6 5. e4 O-O 6. c3 c5 7. dxc5 dxc5 8. Bc4 Nc6 9. Qe2 {[%emt 0:01:26] A48: 1 d4 Nf6 2 Nf3 g6: Torre, London and Colle Systems} a6 (9... Qc7 10. O-O h6 11. Bxf6 Bxf6 12. Qe3 Bg7 13. Qxc5 b6 14. Qe3 Bb7 15. Rfd1 e6 16. Be2 Rfd8 17. Nf1 a6 18. h4 b5 19. N1h2 Rxd1+ 20. Rxd1 {1-0 (35) Harikrishna,P (2744)-Duda,J (2717) Riadh 2017}) 10. a4 Qc7 $146 ({Predecessor:} 10... Ng4 11. O-O Nge5 12. Nxe5 Nxe5 13. Bd5 Qc7 14. f4 e6 15. Ba2 h6 16. Bh4 Nc6 {1-0 (51) Chuprikov,D (2334)-Aminov,A (2176) Voronezh 2013}) 11. O-O h6 12. Bh4 Nh5 13. Rfe1 Bg4 14. Qe3 Ne5 15. Nxe5 Qxe5 16. f3 Bd7 17. a5 Rac8 18. Bd5 Bb5 19. Nc4 Bxc4 20. Bxc4 Rfd8 21. Ra3 Rd7 22. Rb3 g5 23. Bf2 Nf4 24. Bg3 e6 25. Bf2 Bf8 26. g3 Nh3+ 27. Kg2 Nxf2 28. Qxf2 Qc7 29. f4 Rcd8 30. f5 Rd2 31. Re2 Rxe2 32. Qxe2 exf5 33. exf5 Qc6+ 34. Kh3 Qd7 35. Qg4 ({Besser ist} 35. Qe4 $16 Re8 36. Qg4) 35... Re8 36. Rb6 Bd6 37. Qf3 Re7 38. Qd5 Be5 39. Qxd7 Rxd7 40. Rxh6 Kg7 41. Rb6 Bf6 42. Bf1 Bd8 43. Rb3 Bxa5 44. Bg2 b6 45. Bf1 Kf6 46. Bxa6 Rd2 47. c4 Kxf5 48. Rf3+ Kg6 49. Bc8 Rxb2 50. Bf5+ Kg7 51. Be4 Re2 52. Bd3 Rd2 53. Kg4 Rxh2 54. Kxg5 Bc3 55. g4 Rh1 56. Be4 Bd2+ 57. Kf5 Rc1 58. Bd5 Re1 59. Ra3 Re7 60. Rb3 Bb4 61. Rd3 Re2 62. Be4 Be1 63. Bf3 Rf2 64. Ke4 Ba5 65. Kf5 Rf1 66. Ke4 Kg6 67. Rd5 Rc1 68. Be2 Re1 69. Kf3 Kg7 70. Bd3 Bc3 71. Rd6 Bd4 72. Be2 Rb1 73. Bd3 Rb3 74. Ke4 Rb2 75. Kd5 Bf6 76. Kc6 Bc3 77. Kb7 Ba5 78. Kc6 Rg2 79. Bf5 Rf2 80. Rd7 Rf4 81. Kb5 Rf2 82. Be6 Kg6 83. Bd5 Rf4 84. Kc6 f6 85. Be6 Kg5 86. Rg7+ Kh4 87. Rg6 Kg3 88. Kb5 Bc3 89. Kxb6 Bd4 90. Kc6 Re4 91. Kd6 Kf4 92. Rg8 Re1 93. Rg6 Ra1 94. Bf5 Ra6+ 95. Kd5 Ra8 96. Rg7 Re8 97. Be6 Rb8 98. Bf5 Rb2 99. Rg8 Rd2 100. Re8 Bf2+ 101. Ke6 Bd4 102. Kd5 Rd1 $11 103. Re4+ Kg5 104. Re8 Bf2+ 105. Ke6 Bd4 106. Rg8+ Kf4 107. Kd5 Re1 108. Be6 Re5+ 1/2-1/2

[Event "Schachfestival IM 2018"]
[Site "Lueneburg"]
[Date "2018.07.10"]
[Round "6"]
[White "Mirzoev, Azer"]
[Black "Wenzel, Birger"]
[Result "1-0"]
[ECO "D31"]
[WhiteElo "2506"]
[BlackElo "2084"]
[Annotator "ChessBase"]
[PlyCount "85"]
[EventDate "2018.07.05"]
[EventType "tourn"]
[EventCountry "GER"]
[SourceTitle "playchess.com"]
[Source "ChessBase"]
[SourceQuality "1"]
[TimeControl "40/5400+30:1800+30"]

1. d4 d5 2. c4 e6 3. Nc3 a6 4. cxd5 exd5 5. Nf3 c6 6. Bf4 Bd6 7. Bg3 Ne7 8. e3 O-O 9. Qb3 Nf5 10. Bd3 Ra7 11. O-O-O Be6 12. Qc2 g6 13. Bxd6 Nxd6 14. h4 Nd7 15. h5 Bf5 16. Bxf5 Nxf5 17. Rh3 Nf6 18. Ne5 Qe8 19. hxg6 fxg6 20. g4 Nd6 21. Rdh1 b5 22. f4 Nc4 23. g5 Nh5 24. b3 Nd6 25. Kb2 a5 26. Ne2 Rc7 27. Nc1 Ne4 28. Ncd3 b4 29. Nc5 Nd6 30. R1h2 Nf5 31. Qd3 Ra7 32. Rc2 Nd6 33. Na4 Qe6 34. Rh1 Qf5 35. Rxc6 Ne4 36. Rhc1 Ng7 37. Qb5 Rd8 38. Rc7 Rxc7 39. Rxc7 Nf2 40. Qxa5 Nd1+ 41. Kc1 Nxe3 42. Rxg7+ Kxg7 43. Qc7+ 1-0

[Event "Schachfestival IM 2018"]
[Site "Lueneburg"]
[Date "2018.07.10"]
[Round "6"]
[White "Sriram, Jha"]
[Black "Fuchs, Judith"]
[Result "1/2-1/2"]
[ECO "A43"]
[WhiteElo "2409"]
[BlackElo "2289"]
[Annotator "NA"]
[PlyCount "42"]
[EventDate "2018.07.05"]
[EventType "tourn"]
[EventCountry "GER"]
[SourceTitle "playchess.com"]
[Source "ChessBase"]
[SourceQuality "1"]
[TimeControl "40/5400+30:1800+30"]

1. d4 Nf6 2. Nf3 c5 3. d5 b5 4. Bg5 Qb6 5. a4 b4 6. a5 Qd6 7. c4 Ne4 8. Bh4 Qh6 9. Nbd2 f5 10. Qc1 Nxd2 11. Qxd2 Qxd2+ 12. Kxd2 g6 13. Bg3 d6 14. b3 Bg7 15. Rd1 Nd7 16. e3 Nf6 17. Bd3 Bd7 18. Kc2 O-O-O 19. Ng5 Rdf8 20. h4 h6 21. Nh3 Nh5 1/2-1/2

[Event "Schachfestival IM 2018"]
[Site "Lueneburg"]
[Date "2018.07.10"]
[Round "6"]
[White "Kuberczyk, Christoph"]
[Black "Simantsev, Mikhail"]
[Result "1/2-1/2"]
[ECO "A43"]
[WhiteElo "2225"]
[BlackElo "2434"]
[Annotator "ChessBase"]
[PlyCount "76"]
[EventDate "2018.07.05"]
[EventType "tourn"]
[EventCountry "GER"]
[SourceTitle "playchess.com"]
[Source "ChessBase"]
[SourceQuality "1"]
[TimeControl "40/5400+30:1800+30"]

1. d4 c5 2. d5 Nf6 3. c4 g6 4. Nc3 Bg7 5. e4 d6 6. h3 O-O 7. Nf3 e6 8. Bd3 exd5 9. exd5 Re8+ 10. Be3 Nh5 11. O-O f5 12. Qd2 Nd7 13. Rfe1 a6 14. Bg5 Ndf6 15. Bh6 Bd7 16. Bxg7 Nxg7 17. Rxe8+ Qxe8 18. Re1 Qf8 19. a4 Re8 20. a5 Rxe1+ 21. Qxe1 Qd8 22. Ne2 b6 23. axb6 Qxb6 24. Qc3 Nfe8 25. Nf4 a5 26. g3 Qd8 27. h4 Nf6 28. b3 Nfh5 29. Nxh5 Nxh5 30. Ng5 h6 31. Qh8+ Kxh8 32. Nf7+ Kg7 33. Nxd8 Kf6 34. Nb7 Ke5 35. Nxa5 Kd4 36. Be2 Nf6 37. Nb7 Ne8 38. f4 h5 1/2-1/2

[Event "Schachfestival IM 2018"]
[Site "Lueneburg"]
[Date "2018.07.10"]
[Round "6"]
[White "Light, Bjarne"]
[Black "Polster, Christian"]
[Result "0-1"]
[ECO "A48"]
[WhiteElo "2177"]
[BlackElo "2286"]
[Annotator "ChessBase"]
[PlyCount "68"]
[EventDate "2018.07.05"]
[EventType "tourn"]
[EventCountry "GER"]
[SourceTitle "playchess.com"]
[Source "ChessBase"]
[SourceQuality "1"]
[TimeControl "40/5400+30:1800+30"]

1. d4 Nf6 2. Nf3 g6 3. Bg5 Bg7 4. Nbd2 O-O 5. e4 d5 6. Bd3 c5 7. e5 Nfd7 8. c3 Nc6 9. Be3 Qb6 10. b3 cxd4 11. cxd4 f6 12. h4 fxe5 13. dxe5 Qa5 14. h5 Ndxe5 15. Be2 Nxf3+ 16. gxf3 d4 17. b4 Qf5 18. Qb3+ e6 19. Bd3 Qf6 20. Bg5 Qxg5 21. Ke2 Qd5 22. Bc4 d3+ 23. Kf1 Nd4 24. Qxd3 Qf5 25. hxg6 Nxf3 26. gxh7+ Kh8 27. Rd1 Qxd3+ 28. Bxd3 Ne5 29. Be2 Bd7 30. b5 Be8 31. Ne4 Bg6 32. Nc5 Bf5 33. Rh4 b6 34. Ne4 Ng6 0-1

[Event "Schachfestival IM 2018"]
[Site "Lueneburg"]
[Date "2018.07.10"]
[Round "6"]
[White "Pubantz, Jan"]
[Black "Lubbe, Melanie"]
[Result "0-1"]
[ECO "A41"]
[WhiteElo "1997"]
[BlackElo "2332"]
[Annotator "ChessBase"]
[PlyCount "114"]
[EventDate "2018.07.05"]
[EventType "tourn"]
[EventCountry "GER"]
[SourceTitle "playchess.com"]
[Source "ChessBase"]
[SourceQuality "1"]
[TimeControl "40/5400+30:1800+30"]

1. Nf3 d6 2. d4 Bg4 3. g3 Nd7 4. Bg2 c6 5. O-O Ngf6 6. c4 e5 7. Nc3 Be7 8. b3 O-O 9. Bb2 Re8 10. d5 a5 11. h3 Bh5 12. dxc6 bxc6 13. Nh4 Qc7 14. Nf5 Rad8 15. Nxe7+ Rxe7 16. Qd2 Nc5 17. Rfd1 Red7 18. Rac1 Qb6 19. Qe3 Qc7 20. Rd2 h6 21. Rcd1 Bg6 22. Kh2 Ne8 23. Qf3 Rc8 24. h4 f5 25. Bh3 Rf7 26. Ba3 Nb7 27. e4 fxe4 28. Qe3 Rf3 29. Qe1 Rxc3 30. Bxc8 Qxc8 31. Rxd6 Nbxd6 32. Qxc3 Qf5 33. Qe3 Nf6 34. Kg1 Ng4 35. Qe2 Nf7 36. Bc5 Bh5 37. Qd2 Nf6 38. Re1 Bf3 39. Kh2 g5 40. a3 gxh4 41. gxh4 Kh7 42. Rg1 Qh5 43. Kh3 Ng5+ 44. Rxg5 hxg5 45. Qxg5 Qxg5 46. hxg5 Nd7 47. Bd6 Kg6 48. Kh4 c5 49. b4 cxb4 50. axb4 a4 51. b5 Be2 52. b6 Nxb6 53. Bxe5 Nxc4 54. Bf6 a3 55. Kg3 Kf5 56. Ba1 Kxg5 57. Kg2 Nd2 0-1

[Event "Schachfestival IM 2018"]
[Site "Lueneburg"]
[Date "2018.07.11"]
[Round "7"]
[White "Lubbe, Melanie"]
[Black "Kuberczyk, Christoph"]
[Result "1-0"]
[ECO "B03"]
[WhiteElo "2332"]
[BlackElo "2225"]
[Annotator "NA"]
[PlyCount "75"]
[EventDate "2018.07.05"]
[EventType "tourn"]
[EventCountry "GER"]
[SourceTitle "playchess.com"]
[Source "ChessBase"]
[SourceQuality "1"]
[TimeControl "40/5400+30:1800+30"]

1. e4 Nf6 2. e5 Nd5 3. d4 d6 4. c4 Nb6 5. exd6 cxd6 6. d5 e5 7. Bd3 Be7 8. Ne2 O-O 9. b3 a5 10. Nbc3 Na6 11. O-O a4 12. Be3 axb3 13. axb3 Bg5 14. f4 exf4 15. Nxf4 Nd7 16. Ne4 Ne5 17. Nxg5 Qxg5 18. Be4 Re8 19. Bd2 Ng4 20. Qf3 Qe5 21. Bc3 Qxe4 22. Rae1 Ne3 23. Bd2 Bd7 24. Rxe3 Qxf3 25. Rexf3 b5 26. Rg3 Bf5 27. Bc3 Bg6 28. h4 Nc5 29. Bd4 Ne4 30. Re3 Nd2 31. Rfe1 Rxe3 32. Bxe3 Nxb3 33. cxb5 Nc5 34. Bxc5 dxc5 35. b6 Kf8 36. Nxg6+ fxg6 37. d6 Rd8 38. b7 1-0